 Dungeon Crawl Stone Soup version 0.28-b1-25-g9875b3fc8c (webtiles) character file.

Game seed: 3443201462858565438

40 crazypyro the Cudgeller (level 3, -1/30 HPs)
             Began as a Minotaur Gladiator on Jan 31, 2022.
             Killed from afar by Natasha (4 damage)
             ... with a magic dart
             ... on level 2 of the Dungeon.
             The game lasted 00:01:33 (1163 turns).

crazypyro the Cudgeller (Minotaur Gladiator)        Turns: 1163, Time: 00:01:34

Health: -1/30      AC:  6    Str: 20    XL:     3   Next: 30%
Magic:  2/2        EV: 10    Int:  5    God:
Gold:   89         SH:  0    Dex: 11    Spells: 2/2 levels left

rFire   . . .      SeeInvis .   f - +0 morningstar
rCold   . . .      Faith    .   (no shield)
rNeg    . . .      Spirit   .   i - +0 scale mail
rPois   .          Reflect  .   c - +0 hat
rElec   .          Harm     .   (no cloak)
rCorr   .          Rampage  .   (no gloves)
Will    .....                   (no boots)
Stlth   ..........              (no amulet)
HPRegen 0.10/turn               (no ring)
MPRegen 0.08/turn               (no ring)

@: no status effects
A: horns 2, retaliatory headbutt
a: no special abilities


You were on level 2 of the Dungeon.
You visited 1 branch of the dungeon, and saw 2 of its levels.

You collected 89 gold pieces.

Inventory:

Hand Weapons
 a - a +0 flail
 f - a +0 morningstar (weapon)
Missiles
 d - 3 throwing nets (quivered)
Armour
 b - a +0 leather armour
 c - a +0 hat (worn)
 i - a +0 scale mail (worn)
Scrolls
 e - a scroll of fog {unknown}
 g - a scroll of brand weapon {unknown}
Potions
 h - a potion of invisibility {unknown}
 j - a potion of curing {unknown}


   Skills:
 - Level 2.5 Fighting
 * Level 4.6 Maces & Flails
 - Level 2.1 Throwing
 + Level 1.5 Armour
 - Level 3.6 Dodging


You had 2 spell levels left.
You didn't know any spells.
Your spell library was empty.

Dungeon Overview and Level Annotations

Branches:
Dungeon (2/15)

Altars:

Annotations:
D:2 Natasha


Innate Abilities, Weirdness & Mutations

You have a pair of horns on your head.
You reflexively headbutt those who attack you in melee.


Message History

The ball python barely misses you. x2
The ball python bites you but does no damage.
The ball python grabs you. The ball python constricts you.
You barely miss the ball python. You headbutt the ball python.
You kill the ball python!
No target in view!
No target in view!
Natasha, Servant of Life and Death comes into view.
Natasha hisses angrily.
Natasha is nearby!
Natasha casts a spell.
A kobold comes into view. It is wielding a +0 club.
The shadow imp hits you. Natasha claws you.
You closely miss Natasha.
The kobold shouts!
Natasha barely misses you.
The shadow imp hits you but does no damage.
You completely miss Natasha. Your headbutt misses Natasha. Natasha claws you.
The shadow imp hits you.
You barely miss Natasha. Natasha claws you. The shadow imp gestures at you.
Pain shoots through your body!
You are too injured to fight recklessly!
Natasha casts a spell.
A ball python comes into view.
The shadow imp puffs mist at you. Natasha claws you but does no damage.
You hit Natasha but do no damage. Natasha casts a spell at you.
The magic dart hits you.
* * * LOW HITPOINT WARNING * * *
The shadow imp laughs crazily.
You barely miss Natasha. Natasha claws you.
* * * LOW HITPOINT WARNING * * *
Natasha claws you but does no damage.
You barely miss Natasha. You headbutt Natasha!
Natasha is heavily wounded.
Natasha stares at you and mumbles some strange words.
The magic dart hits you.
You die...

# #####.###
#5K.K.S.#
#h##..#.# #@#
.## #.# .. #.#
### ###.# #...#
### ##
#.#≈#♣≈.#.≈##
#.♣≈#≈≈≈#...#.#
#..≈.≈.≈.♣.♣#.##
#.≈≈≈≈≈≈≈..≈.#.#


You could see Natasha, a shadow imp (summoned) and a kobold.

Vanquished Creatures
  A dart slug (D:1)
  4 ball pythons
  5 bats
  3 endoplasms
  3 giant cockroaches
  3 hobgoblins
  2 jackals (D:2)
  3 kobolds
  2 quokkas
  2 frilled lizards
  7 rats
35 creatures vanquished.

Notes
Turn   | Place    | Note
-------+----------+-------------------------------------------
     0 | D:1      | crazypyro the Minotaur Gladiator began the quest for the
                  | Orb.
     0 | D:1      | Reached XP level 1. HP: 18/18 MP: 0/0
    79 | D:1      | Reached XP level 2. HP: 19/25 MP: 1/1
   164 | D:1      | Reached skill level 4 in Maces & Flails
   507 | D:1      | Reached skill level 1 in Armour
   662 | D:2      | Reached XP level 3. HP: 29/30 MP: 2/2
  1151 | D:2      | Noticed Natasha
  1163 | D:2      | Killed from afar by Natasha

Illustrated notes

Levels and vault maps discovered:
D:1:      minmay_arrival_checkered_box, layout_rooms, hangedman_decor_opposing
D:2:      layout_loops_ring, chequers_serial_rivers_marsh, uniq_natasha

Skill      XL: |  1  2 |
---------------+-------+-----
Maces & Flails | 4 |  4.6
Armour         | 1 |  1.5
Fighting       | |  2.5
Throwing       | |  2.1
Dodging        | |  3.6

Action                   || total
-------------------------++-------
Melee: Flail             ||     8
       Headbutt          ||    10
       Morningstar       ||    74
Armor: Leather armour    ||    40
       Scale mail        ||     5
Dodge: Dodged            ||    74
